 Dungeon Sprint DCSS version 0.19-a0-1259-g4fc3c0a (webtiles) character file.

18 Groucho the Sneak (level 2, -1/13 HPs)
             Began as a Spriggan Enchanter on Aug 28, 2016.
             Was a Believer of Dithmenos.
             Slain by a river rat (8 damage)
             ... in the Dungeon (Sprint VII: "The Pits").
             The game lasted 00:01:48 (247 turns).

Groucho the Sneak (Spriggan Enchanter)               Turns: 247, Time: 00:01:48

Health: -1/13      AC:  3    Str:  4    XL:     2   Next: 48%
Magic:  2/7        EV: 20    Int: 16    God:    Dithmenos [**....]
Gold:   0          SH:  0    Dex: 16    Spells: 2 memorised, 5 levels left

rFire  . . .     SeeInvis +     a - +2 dagger
rCold  . . .     Gourm    .     b - +1 robe
rNeg   . . .     Faith    .     (shield restricted)
rPois  .         Spirit   .     (helmet restricted)
rElec  .         Dismiss  .     (no cloak)
rCorr  .         Reflect  .     (gloves unavailable)
MR     .....     Harm     .     (boots unavailable)
Stlth  ++++...... NoTele   +    (no amulet)
                                (no ring)
                                (no ring)

@: very slightly contaminated, wreathed by umbra, very quick
A: unfitting armour, see invisible, herbivore 3, speed 3, slow metabolism 2
a: Shadow Step, Renounce Religion


You were in the Dungeon.
You worshipped Dithmenos.
Dithmenos was pleased with you.
You were not hungry.

You visited 1 branch

Inventory:

Hand Weapons
 a - a +2 dagger (weapon)
Missiles
 p - 10 stones (quivered)
Armour
 b - a +1 robe (worn)
Scrolls
 j - a scroll of blinking
 l - 3 scrolls of remove curse
 m - 5 scrolls of amnesia
 n - a scroll of summoning
Potions
 e - a potion of curing
 f - a potion of heal wounds
 g - a potion of haste
 h - 4 potions of magic
 i - 3 potions of berserk rage
 k - 2 potions of invisibility
Books
 c - a book of Maledictions

   Spells                             Type                      Level
   a - Corona                         Hexes                        1
   b - Ensorcelled Hibernation        Hexes/Ice                    2
   c - Confuse                        Hexes                        3
   d - Tukima's Dance                 Hexes                        3
   e - Dazzling Spray                 Conjuration/Hexes            3
Comestibles
 d - 8 bread rations
 o - 40 fruits


   Skills:
 + Level 2.5 Short Blades
 + Level 4.4 Dodging
 + Level 5.6 Stealth
 + Level 3.9 Spellcasting
 + Level 4.4 Hexes


You had 5 spell levels left.
You knew the following spells:

 Your Spells              Type           Power        Failure   Level  Hunger
a - Corona                Hex            ###....      3%          1    None
b - Ensorcelled Hibernat  Hex/Ice        ##....       12%         2    ##.....


Dungeon Overview and Level Annotations

Branches:
Dungeon (1/1)

Altars:
Ashenzari
Cheibriados
Dithmenos
Elyvilon
Fedhas
Gozag
Hepliaklqana
Kikubaaqudgha
Makhleb
Nemelex Xobeh
Okawaru
Qazlal
Ru
Sif Muna
Trog
Uskayaw
Vehumet
Xom
Yredelemnul
Zin
The Shining One
Beogh
Jiyva
Lugonu


Innate Abilities, Weirdness & Mutations

You are tiny and cannot use many weapons and most armour.
You have supernaturally acute eyesight. (SInv)
You are a herbivore.
You cover ground extremely quickly.
You need consume almost no food.


Message History

The river rat misses you.
You hit the river rat but do no damage.
The river rat is severely wounded.
The river rat misses you.
You barely miss the river rat.
The river rat is severely wounded.
You closely miss the river rat.
The river rat is severely wounded.
The river rat misses you.
You hit the river rat but do no damage.
The river rat is severely wounded.
The river rat bites you.
You hit the river rat but do no damage.
The river rat is severely wounded.
The river rat bites you.
You closely miss the river rat.
The river rat is severely wounded.
The river rat bites you!
Ouch! That really hurt!
You die...

#__________#
#__________#
#____#####+###########++
######)))#.##...........
#%?|.')))+.##......#..#.
##########.##...........
#...........'...........
+#####'#####......#..#.
#..@rh##...........
#####'#####'#####++
#.....##.......#
#.....##.......#
###s####.......# r..
#...<...# ...hl
#.......# #......
#.......# #######
#.......#


You could see a river rat and a jackal.

Vanquished Creatures
  A river rat (D)
  A giant gecko (D)
  A ball python (D)
  A bat zombie (D)
  A giant cockroach (D)
  A jackal (D)
  A kobold (D)
7 creatures vanquished.

Notes
Turn   | Place    | Note
-------+----------+-------------------------------------------
     0 | D        | Groucho the Spriggan Enchanter began the quest for the Orb.
     0 | D        | Reached XP level 1. HP: 9/9 MP: 5/5
    32 | D        | Found a radiant altar of Vehumet.
    32 | D        | Found a hide-covered altar of Uskayaw.
    32 | D        | Found an ancient bone altar of Kikubaaqudgha.
    32 | D        | Found a viscous altar of Jiyva.
    32 | D        | Found a hazy altar of Hepliaklqana.
    61 | D        | Found a bloodstained altar of Trog.
    61 | D        | Found a deep blue altar of Sif Muna.
    61 | D        | Found a sacrificial altar of Ru.
    61 | D        | Found a stormy altar of Qazlal.
    61 | D        | Found an iron altar of Okawaru.
    61 | D        | Found a sparkling altar of Nemelex Xobeh.
    61 | D        | Found an opulent altar of Gozag.
    61 | D        | Found a blossoming altar of Fedhas.
    61 | D        | Found a white marble altar of Elyvilon.
    61 | D        | Found a shadowy altar of Dithmenos.
    61 | D        | Found a snail-covered altar of Cheibriados.
    62 | D        | Found a burning altar of Makhleb.
    62 | D        | Found a glowing golden altar of the Shining One.
    62 | D        | Found a glowing silver altar of Zin.
    62 | D        | Found a basalt altar of Yredelemnul.
    62 | D        | Found a roughly hewn altar of Beogh.
    63 | D        | Found a corrupted altar of Lugonu.
    63 | D        | Found a shimmering altar of Xom.
    63 | D        | Found a shattered altar of Ashenzari.
    69 | D        | Became a worshipper of Dithmenos the Shadowed
    88 | D        | Reached skill level 5 in Stealth
    93 | D        | Reached * piety under Dithmenos
    93 | D        | Reached XP level 2. HP: 13/13 MP: 5/7
   100 | D        | Learned a level 2 spell: Ensorcelled Hibernation
   228 | D        | Reached ** piety under Dithmenos
   247 | D        | Slain by a river rat

Vault maps used:
D:        pitsprint

Skill      XL: |  1 |
---------------+----+-----
Stealth        | 5 |  5.6
Spellcasting   | 3 |  3.9
Hexes          | 4 |  4.4
Short Blades   | 2 |  2.5
Dodging        | 4 |  4.4

Action                   || total
-------------------------++-------
Melee: Dagger            ||    37
 Cast: Ensorcelled Hiber ||     2
 Stab: Sleeping          ||     4
Armor: Robe              ||    15
Dodge: Dodged            ||    29
